 Dungeon Crawl Stone Soup version 0.21-a0-396-ga924934 (webtiles) character file.

222479 terra52 the Capitalist (level 18, -6/142 HPs)
             Began as a Gnoll Skald on Oct 19, 2017.
             Was an Initiate of Gozag.
             Killed from afar by an ancient champion (28 damage)
             ... with a stone arrow
             ... on level 3 of the Crypt.
             The game lasted 03:28:22 (19269 turns).

terra52 the Capitalist (Gnoll Skald)               Turns: 19269, Time: 03:28:35

Health: -6/142     AC: 12    Str: 25    XL:     18   Next: 75%
Magic:  40/44      EV: 16    Int: 21    God:    Gozag
Gold:   777        SH: 25    Dex: 15    Spells: 10/43 levels left

rFire    + + .     SeeInvis +   r - +7 war axe "Woidukepn" {distort, rElec rF+ Int-3}
rCold    . . .     Gourm    .   K - +7 large shield {reflect}
rNeg     . . .     Faith    .   G - +3 leather armour {rPois}
rPois    +         Spirit   .   F - +2 helmet {SInv}
rElec    +         Reflect  +   W - scarf {rC+ rF+}
rCorr    .         Harm     .   (no gloves)
MR       +++..                  w - +0 pair of boots of the Game Afoot {rC- Regen+ MP+9 Int+6}
Stlth    ++++......             b - amulet of magic regeneration
HPRegen  0.73/turn              V - ring of the Mage {Wiz MR++ Int+3}
MPRegen  0.54/turn              a - ring "Wameu" {Str+6 Int-3 Slay+2 SInv}

@: gold aura, very slightly contaminated, heavily drained
A: distributed training, fangs 1, strong nose
}: 2/15 runes: serpentine, barnacled
a: Potion Petition, Call Merchant, Bribe Branch, Renounce Religion


You were on level 3 of the Crypt.
You worshipped Gozag.
Gozag was pleased with you.
You were not hungry.

You visited 8 branches of the dungeon, and saw 37 of its levels.
You also visited: Labyrinth and Ice Cave.

You collected 10254 gold pieces.
You spent 5850 gold pieces at shops.
You paid 3627 gold pieces to Gozag.

Inventory:

Hand Weapons
 i - a +5 demon trident of electrocution
 j - the +6 arbalest "Damnation" {damnation}
   (You found it on level 2 of the Snake Pit)
 r - the +7 war axe "Woidukepn" (weapon) {distort, rElec rF+ Int-3}
   (You found it on level 14 of the Dungeon)

   It warps and distorts space around it.
   Unwielding it can cause banishment or high damage.
   It affects your intelligence (-3).
   It protects you from fire.
   It insulates you from electricity.
 E - the +8 demon whip of Reinforcement {freeze, rN+}
   (You bought it in a shop on level 7 of the Dungeon)

   It has been specially enchanted to freeze those struck by it, causing extra
   injury to most foes and up to half again as much damage against particularly
   susceptible opponents.
   It can also slow down cold-blooded creatures.
   It protects you from negative energy.
Missiles
 f - 30 javelins (quivered)
 n - 218 bolts
 v - 17 poisoned javelins
Armour
 w - the +0 pair of boots of the Game Afoot (worn) {rC- Regen+ MP+9 Int+6}
   (You acquired it on level 2 of the Lair of Beasts)

   It affects your intelligence (+6).
   It makes you vulnerable to cold.
   It affects your magic capacity (+9).
   It increases your rate of regeneration.
 F - a +2 helmet of see invisible (worn)
 G - a +3 leather armour of poison resistance (worn)
 K - a +7 large shield of reflection (worn)
 R - the +0 buckler of Fortitude {rF+ MR+ SInv}
   (You bought it in a shop on level 2 of the Lair of Beasts)

   It protects you from fire.
   It affects your resistance to hostile enchantments.
   It lets you see invisible.
 W - a scarf of resistance (worn)
Jewellery
 a - the ring "Wameu" (right hand) {Str+6 Int-3 Slay+2 SInv}
   (You bought it in a shop on level 2 of the Lair of Beasts)

   [ring of see invisible]

   It affects your strength (+6).
   It affects your intelligence (-3).
   It affects your accuracy and damage with ranged weapons and melee attacks
   (+2).
   It lets you see invisible.
 b - an amulet of magic regeneration (around neck)
 g - an uncursed amulet of guardian spirit
 N - a cursed ring of teleportation {unknown}
 U - an uncursed ring of protection from cold
 V - the ring of the Mage (left hand) {Wiz MR++ Int+3}
   (You bought it in a shop on level 14 of the Dungeon)

   [ring of wizardry]

   It improves your spell success rate.
   It affects your intelligence (+3).
   It affects your resistance to hostile enchantments.
Wands
 l - a wand of clouds (0/9)
 o - a wand of paralysis (7/24)
 t - a wand of lightning (2/15)
 D - a wand of digging (8/24)
 J - a wand of flame (25/48)
 P - a wand of confusion (13/48)
 Z - a wand of enslavement (7/24)
Scrolls
 c - 2 scrolls of fear
 e - a scroll of immolation
 x - 8 scrolls of teleportation
 y - 2 scrolls of remove curse
 z - 6 scrolls of amnesia
 L - 4 scrolls of magic mapping
 X - 2 scrolls of fog
 Y - 4 scrolls of identify
Potions
 h - 4 potions of might
 k - 7 potions of curing
 p - 6 potions of brilliance
 q - 6 potions of haste
 s - 5 potions of ambrosia
 A - 4 potions of resistance
 C - 5 potions of mutation
 H - 4 potions of agility
 I - 5 potions of heal wounds
 M - 5 potions of cancellation
 O - 2 potions of invisibility {unknown}
 Q - 2 potions of magic {unknown}
 S - a potion of berserk rage {unknown}
Books
 T - a book of Power

   Spells                             Type                      Level
   a - Iskenderun's Battlesphere      Conjuration/Charms           5
   b - Venom Bolt                     Conjuration/Poison           5
   c - Bolt of Magma                  Conjuration/Fire/Earth       5
   d - Iron Shot                      Conjuration/Earth            6
   e - Orb of Destruction             Conjuration                  7
   f - Spellforged Servitor           Conjuration/Summoning        7
Miscellaneous
 m - a phantom mirror
 B - a box of beasts
Comestibles
 d - 10 bread rations
 u - 4 meat rations


   Skills:
 + Level 12.9(10.2) Fighting
 + Level 12.2(9.5) Short Blades
 + Level 12.2(9.5) Long Blades
 + Level 12.2(9.5) Axes
 + Level 12.2(9.5) Maces & Flails
 + Level 12.9(10.2) Polearms
 + Level 12.2(9.5) Staves
 + Level 12.2(9.5) Slings
 + Level 12.2(9.5) Bows
 + Level 12.2(9.5) Crossbows
 + Level 12.2(9.5) Throwing
 + Level 12.4(9.8) Armour
 + Level 12.9(10.2) Dodging
 + Level 12.2(9.5) Stealth
 + Level 12.2(9.5) Shields
 + Level 12.2(9.5) Unarmed Combat
 + Level 13.0(10.3) Spellcasting
 + Level 10.4(7.9) Conjurations
 + Level 10.4(7.9) Hexes
 + Level 11.6(9.0) Charms
 + Level 10.4(7.9) Summonings
 + Level 10.4(7.9) Necromancy
 + Level 10.4(7.9) Translocations
 + Level 10.4(7.9) Transmutations
 + Level 10.4(7.9) Fire Magic
 + Level 10.4(7.9) Ice Magic
 + Level 10.4(7.9) Air Magic
 + Level 10.4(7.9) Earth Magic
 + Level 10.4(7.9) Poison Magic
 + Level 13.1(10.4) Invocations
 + Level 12.2(9.5) Evocations


You had 10 spell levels left.
You knew the following spells:

 Your Spells              Type           Power        Failure   Level  Hunger
a - Infusion              Chrm           ####         1%          1    None
b - Regeneration          Chrm/Necr      #####.....   1%          3    None
c - Spectral Weapon       Hex/Chrm       #####...     1%          3    None
d - Shroud of Golubria    Chrm/Tloc      #####.....   1%          2    None
e - Song of Slaying       Chrm           #####...     1%          2    None
f - Blink                 Tloc           N/A          1%          2    None
g - Mephitic Cloud        Conj/Pois/Air  #####...     2%          3    None
h - Control Undead        Necr           #####.....   8%          4    ##.....
i - Summon Guardian Gole  Hex/Summ       #####...     2%          3    None
j - Summon Forest         Summ/Tloc      #####.....   21%         5    ####...
k - Irradiate             Conj/Tmut      #####.....   21%         5    ####...


Dungeon Overview and Level Annotations

Branches:
Dungeon (15/15)            Temple (1/1) D:5            Lair (6/6) D:9
 Shoals (4/4) Lair:2        Snake (4/4) Lair:3        Slime (0/5) Lair:5
    Orc (2/2) D:12            Elf (0/3) Orc:2        Vaults (2/5) D:14
  Crypt (3/3) Vaults:2
   Tomb: Crypt:3     Depths: D:15

Altars:
Ashenzari
Cheibriados
Dithmenos
Elyvilon
Fedhas
Gozag
Hepliaklqana
Kikubaaqudgha
Makhleb
Nemelex Xobeh
Okawaru
Qazlal
Ru
Sif Muna
Trog
Uskayaw
Vehumet
Wu Jian
Xom
Yredelemnul
Zin
The Shining One
Jiyva

Shops:
D:7 (   D:8 [!**(   D:14 =:   Orc:1 [   Orc:2 :[:(*   Lair:2 [=   Shoals:1 :}
Vaults:2 (


Innate Abilities, Weirdness & Mutations

Your experience applies equally to all skills.
You have very sharp teeth.
Your uncanny sense of smell can sniff out nearby items.


Message History

[c] - 224 gold - heal wounds and curing Purchase which effect?
You feel much better.
You feel better.
You block the ancient champion's attack.
The ancient champion gestures at you while chanting.
You resist with almost no effort.
You hit the ancient champion.
The ancient champion looks slightly unstable.
The ancient champion is severely damaged.
You hit the ancient champion but do no damage.
Space bends around the ancient champion.
You block the ancient champion's attack.
The ancient champion hits you with a great mace of draining!!
* * * LOW HITPOINT WARNING * * *
You feel drained.
* * * LOW HITPOINT WARNING * * *
The ancient champion gestures at you while chanting.
The stone arrow hits you!
You die...
Your body crumbles into a pile of gold.

$ #.... #...#
######...#∆ #........#
#........#
##++###8.....#
##.....##.....#####...
#⌠...$.'..............
#⌠..z@W'L....##+######
##....z##....# .......
##++###8....# .[....
#.......# .....
#.......# ....
######..######'##
#........... $∆
#........... ∆∆
#...........


You could see a revenant, 2 ancient champions and a shadow wraith (invisible).

Vanquished Creatures
  Polyphemus (Shoals:4)
  Ilsuiw (Shoals:4)
  4 nagarajas
  A frost giant (Shoals:4)
  An orc warlord (Orc:2)
  2 vault wardens
  Aizul (Snake:3)
  Louise (Shoals:4)
  An ironheart preserver (Vaults:2)
  6 dire elephants (Lair:6)
  3 merfolk javelineers (Shoals:4)
  3 eidola
  A jiangshi (Crypt:3)
  11 merfolk impalers
  A minotaur (Lab)
  3 vault guards
  A yaktaur captain (Vaults:2)
  Erolcha (Orc:2)
  4 hydras
  7 naga warriors
  2 alligator snapping turtles (Shoals:4)
  5 anacondas
  Erica (D:8)
  A catoblepas (Shoals:3)
  A merfolk avatar (Shoals:4)
  A centaur warrior (D:14)
  3 death knights
  A satyr (Shoals:4)
  2 death yaks (Shoals:3)
  3 ogre magi
  11 two-headed ogres
  4 merfolk aquamancers
  2 orc high priests (Orc:2)
  6 naga sharpshooters
  Sonja (Orc:2)
  4 shock serpents
  5 salamander mystics
  A shadow wraith (Crypt:3)
  2 skeletal warriors
  2 flayed ghosts
  6 orc knights
  12 sea snakes
  4 naga ritualists
  Pikel (D:11)
  3 wizards
  2 lindwurms
  An iron giant skeleton (Crypt:3)
  7 ironbrand convokers
  2 deep elf magi
  4 orc sorcerers
  9 harpies
  6 mana vipers
  8 manticores
  A necromancer (D:14)
  10 fauns
  8 cyclopes
  9 elephants (Lair:6)
  7 salamanders
  11 merfolk sirens
  Joseph (D:7)
  3 centaur zombies
  2 guardian serpents
  14 black mambas
  9 water nymphs
  3 vault sentinels
  6 naga magi
  4 gargoyles (Lab)
  11 spiny frogs
  A rime drake (Lair:6)
  2 komodo dragons
  2 yaktaurs (Vaults:2)
  A guardian mummy (Crypt:3)
  2 kobold demonologists
  3 freezing wraiths
  A troll (shapeshifter) (D:13)
  2 minotaur zombies (Lab)
  36 merfolk
  8 trolls
  3 wind drakes
  Prince Ribbit (D:8)
  2 hornets
  A polar bear (Lair:6)
  22 blink frogs
  A raiju (shapeshifter) (Vaults:2)
  6 snapping turtles
  9 slime creatures
  13 hippogriffs
  2 redbacks (Snake:4)
  A centaur simulacrum (D:14)
  5 basilisks
  16 water elementals
  3 wraiths
  17 yaks
  3 wyverns
  A hungry ghost (D:9)
  7 vampire mosquitoes
  A warg (Orc:2)
  3 acid dragons
  29 nagas
  7 water moccasins
  A hell hound (D:13)
  7 porcupines
  2 black bears
  3 sky beasts
  4 slaves
  2 necrophages
  30 orc warriors
  A hornet zombie (D:10)
  4 phantoms
  3 ice beasts
  An eye of draining (D:13)
  15 ogres
  10 wolves
  A swamp dragon skeleton (Crypt:1)
  14 centaurs
  8 crocodiles
  11 bullfrogs
  3 big kobolds
  2 gnoll sergeants (D:9)
  A wyvern zombie (D:11)
  3 scorpions
  10 killer bees
  12 wights
  A human simulacrum (Vaults:1)
  A howler monkey (D:8)
  4 electric eels
  A raiju skeleton (Crypt:2)
  3 crimson imps
  3 bullfrog zombies (D:13)
  7 hounds
  6 jellies
  5 bullfrog skeletons
  9 orc priests
  4 centaur skeletons
  5 iguanas
  21 orc wizards
  7 worker ants
  A killer bee zombie (D:9)
  A hound zombie (D:8)
  A hound skeleton (D:4)
  2 worker ant zombies
  10 adders
  7 gnolls (D:9)
  A naga simulacrum (IceCv)
  A scorpion zombie (Crypt:1)
  4 shadow imps
  A white imp (IceCv)
  An adder zombie (D:8)
  An adder skeleton (D:6)
  2 worms (D:3)
  2 dart slugs (D:1)
  2 leopard geckos
  56 orcs
  A ball python (D:2)
  2 bats
  2 giant cockroaches
  4 goblins
  3 hobgoblins
  6 jackals
  8 kobolds
  A ball python skeleton (Crypt:3)
  3 frilled lizards
  A giant cockroach zombie (Crypt:2)
  A jackal zombie (D:8)
  A leopard gecko skeleton (D:4)
  A quokka skeleton (Crypt:2)
  A quokka zombie (D:7)
  4 rats
  A fungus (Orc:2)
  4 plants (Lair:6)
  2 snaplasher vines
  A spectral weapon (Snake:4)
852 creatures vanquished.

Vanquished Creatures (collateral kills)
  2 nagarajas (Snake:4)
  An eidolon (Vaults:2)
  A centaur warrior (D:13)
  4 naga warriors (Snake:4)
  2 anacondas
  A two-headed ogre (Vaults:1)
  3 naga sharpshooters (Snake:4)
  A deep elf knight (Vaults:2)
  3 salamander mystics (Snake:4)
  4 naga ritualists (Snake:4)
  A deep elf archer (Vaults:2)
  3 ironbrand convokers (Vaults:2)
  2 mana vipers (Snake:4)
  A centaur zombie (D:13)
  3 guardian serpents (Snake:4)
  2 black mambas (Snake:4)
  3 naga magi
  6 redbacks (Snake:4)
  3 yaks (D:13)
  A death yak simulacrum (IceCv)
  An acid dragon (Vaults:2)
  18 nagas
  An ogre (Vaults:2)
  A worker ant (D:13)
68 creatures vanquished.

Vanquished Creatures (others)
  A nagaraja (Snake:4)
  A curse skull (Crypt:1)
  A vampire knight (Crypt:3)
  A merfolk javelineer (Shoals:4)
  A fire dragon (Vaults:2)
  An anaconda (Snake:4)
  2 centaur warriors (Shoals:2)
  A death knight (Vaults:2)
  An ogre mage (Vaults:1)
  A two-headed ogre (Vaults:1)
  A merfolk aquamancer (Shoals:3)
  4 naga sharpshooters
  2 fauns (Shoals:2)
  A manticore (Shoals:4)
  A black mamba (Snake:3)
  A cyclops (Orc:1)
  A guardian mummy (Crypt:3)
  2 merfolk (Shoals:4)
  An acid dragon (Vaults:2)
  An orc warrior (Orc:2)
  An ogre (Vaults:1)
  15 fungi
  4 plants
  7 snaplasher vines
  12 spectral weapons
65 creatures vanquished.

Grand Total: 985 creatures vanquished

Notes
Turn   | Place    | Note
-------+----------+-------------------------------------------
     0 | D:1      | terra52 the Gnoll Skald began the quest for the Orb.
     0 | D:1      | Reached XP level 1. HP: 20/20 MP: 6/6
   131 | D:1      | Reached XP level 2. HP: 25/26 MP: 7/7
   406 | D:3      | Reached skill level 5 in Spellcasting
   406 | D:3      | Reached XP level 3. HP: 21/31 MP: 2/9
   416 | D:3      | Learned a level 3 spell: Regeneration
   420 | D:3      | Learned a level 3 spell: Spectral Weapon
   423 | D:3      | Learned a level 2 spell: Shroud of Golubria
   426 | D:3      | Learned a level 2 spell: Song of Slaying
   559 | D:4      | Reached skill level 1 in Short Blades
   559 | D:4      | Reached skill level 1 in Long Blades
   559 | D:4      | Reached skill level 1 in Axes
   559 | D:4      | Reached skill level 1 in Maces & Flails
   559 | D:4      | Reached skill level 1 in Staves
   559 | D:4      | Reached skill level 1 in Slings
   559 | D:4      | Reached skill level 1 in Bows
   559 | D:4      | Reached skill level 1 in Crossbows
   559 | D:4      | Reached skill level 1 in Throwing
   559 | D:4      | Reached skill level 1 in Stealth
   559 | D:4      | Reached skill level 1 in Shields
   559 | D:4      | Reached skill level 1 in Unarmed Combat
   559 | D:4      | Reached skill level 1 in Invocations
   559 | D:4      | Reached skill level 1 in Evocations
   559 | D:4      | Reached XP level 4. HP: 21/38 MP: 1/11
   610 | D:5      | Entered Level 5 of the Dungeon
   722 | D:4      | Reached skill level 1 in Conjurations
   722 | D:4      | Reached skill level 1 in Hexes
   722 | D:4      | Reached skill level 1 in Summonings
   722 | D:4      | Reached skill level 1 in Necromancy
   722 | D:4      | Reached skill level 1 in Translocations
   722 | D:4      | Reached skill level 1 in Transmutations
   722 | D:4      | Reached skill level 1 in Fire Magic
   722 | D:4      | Reached skill level 1 in Ice Magic
   722 | D:4      | Reached skill level 1 in Air Magic
   722 | D:4      | Reached skill level 1 in Earth Magic
   722 | D:4      | Reached skill level 1 in Poison Magic
   792 | D:4      | Reached XP level 5. HP: 35/43 MP: 6/12
   954 | D:5      | Found a staircase to the Ecumenical Temple.
   964 | D:5      | Reached XP level 6. HP: 46/50 MP: 3/13
   968 | Temple   | Entered the Ecumenical Temple
  1017 | Temple   | Became a worshipper of Gozag Ym Sagoz the Greedy
  1159 | D:5      | Noticed an orc warrior
  1196 | D:4      | Killed an orc warrior
  1196 | D:4      | Reached skill level 5 in Fighting
  1196 | D:4      | Reached skill level 5 in Polearms
  1196 | D:4      | Reached skill level 5 in Dodging
  1354 | D:6      | Reached XP level 7. HP: 47/56 MP: 2/15
  1989 | D:5      | Reached XP level 8. HP: 51/63 MP: 0/16
  2384 | D:7      | Found Catir's Antique Weapon Shoppe.
  2440 | D:7      | Found a stormy altar of Qazlal.
  2488 | D:7      | Bought an encrusted demon whip for 480 gold pieces
  2491 | D:7      | Identified the +8 demon whip of Reinforcement {freeze, rN+} (You bought it in a shop on level 7 of the Dungeon)
  2539 | D:7      | Noticed Joseph
  2556 | D:7      | Killed Joseph
  2556 | D:7      | Reached XP level 9. HP: 30/69 MP: 0/18
  2834 | D:8      | Found Viadass's Assorted Antiques.
  2837 | D:8      | Bought a scroll labeled VEKLEON AWOSEL for 23 gold pieces
  2837 | D:8      | Bought a fizzy brown potion for 20 gold pieces
  2837 | D:8      | Bought a scroll labeled HUINAYSTR HEUP for 23 gold pieces
  2837 | D:8      | Bought a sedimented grey potion for 20 gold pieces
  2840 | D:8      | Found Foparrug's Weapon Shop.
  2856 | D:8      | Found Pogaudiu's Assorted Antiques.
  2920 | D:8      | Noticed a two-headed ogre
  3103 | D:8      | Noticed Pikel
  3189 | D:8      | Found Vuluter's Antique Armour Shoppe.
  3334 | D:8      | Noticed Erica
  3342 | D:8      | Killed Erica
  3342 | D:8      | Reached skill level 5 in Armour
  3379 | D:8      | Found Muckael's Distillery.
  3398 | D:8      | Noticed Prince Ribbit
  3412 | D:8      | Reached skill level 5 in Invocations
  3452 | D:8      | Bought a potion of might for 56 gold pieces
  3452 | D:8      | Bought a potion of agility for 56 gold pieces
  3489 | D:8      | Found a sacrificial altar of Ru.
  3498 | D:8      | Noticed a two-headed ogre
  3508 | D:8      | Killed a two-headed ogre
  3508 | D:8      | Reached XP level 10. HP: 77/77 MP: 10/20
  3531 | D:8      | Noticed a two-headed ogre
  3538 | D:8      | Killed a two-headed ogre
  3538 | D:8      | Reached skill level 5 in Short Blades
  3538 | D:8      | Reached skill level 5 in Long Blades
  3538 | D:8      | Reached skill level 5 in Axes
  3538 | D:8      | Reached skill level 5 in Maces & Flails
  3538 | D:8      | Reached skill level 5 in Staves
  3538 | D:8      | Reached skill level 5 in Slings
  3538 | D:8      | Reached skill level 5 in Bows
  3538 | D:8      | Reached skill level 5 in Crossbows
  3538 | D:8      | Reached skill level 5 in Throwing
  3538 | D:8      | Reached skill level 5 in Stealth
  3538 | D:8      | Reached skill level 5 in Shields
  3538 | D:8      | Reached skill level 5 in Unarmed Combat
  3538 | D:8      | Reached skill level 5 in Evocations
  3783 | D:9      | Found a staircase to the Lair.
  3948 | D:9      | Got a slimy whip
  3949 | D:9      | Identified the cursed +3 whip of Ancient Evil {protect, *Drain rPois rN+++ MR+} (You found it on level 9 of the Dungeon)
  4167 | D:9      | Learned a level 2 spell: Blink
  4171 | D:9      | Learned a level 3 spell: Mephitic Cloud
  4387 | D:9      | Noticed a two-headed ogre
  4404 | D:9      | Killed a two-headed ogre
  4404 | D:9      | Reached XP level 11. HP: 66/84 MP: 13/22
  4598 | D:10     | Entered Level 10 of the Dungeon
  4619 | Lair:1   | Entered Level 1 of the Lair of Beasts
  4696 | Lair:1   | Reached skill level 5 in Conjurations
  4696 | Lair:1   | Reached skill level 5 in Hexes
  4696 | Lair:1   | Reached skill level 5 in Summonings
  4696 | Lair:1   | Reached skill level 5 in Necromancy
  4696 | Lair:1   | Reached skill level 5 in Translocations
  4696 | Lair:1   | Reached skill level 5 in Transmutations
  4696 | Lair:1   | Reached skill level 5 in Fire Magic
  4696 | Lair:1   | Reached skill level 5 in Ice Magic
  4696 | Lair:1   | Reached skill level 5 in Air Magic
  4696 | Lair:1   | Reached skill level 5 in Earth Magic
  4696 | Lair:1   | Reached skill level 5 in Poison Magic
  4965 | Lair:1   | Noticed a five-headed hydra
  5039 | Lair:2   | Found a staircase to the Shoals.
  5040 | Lair:2   | Noticed a manticore
  5081 | Shoals:1 | Entered Level 1 of the Shoals
  5081 | Shoals:1 | Found Tocuh's Book Shop.
  5175 | D:8      | Killed Prince Ribbit
  5219 | D:8      | Bought a pair of glowing boots for 187 gold pieces
  5219 | D:8      | Bought a glowing helmet for 187 gold pieces
  5219 | D:8      | Bought a runed scarf for 200 gold pieces
  5234 | D:8      | Bought a runed leather armour for 125 gold pieces
  5769 | D:11     | Reached XP level 12. HP: 78/92 MP: 7/24
  5844 | D:11     | Killed a two-headed ogre
  5867 | D:11     | Killed Pikel
  6123 | D:12     | Noticed a two-headed ogre
  6250 | D:11     | Noticed a five-headed hydra
  6271 | D:11     | Killed a five-headed hydra
  7183 | D:12     | Killed a two-headed ogre
  7183 | D:12     | Reached XP level 13. HP: 90/101 MP: 12/26
  7320 | D:13     | Learned a level 4 spell: Control Undead
  7325 | D:13     | Found a labyrinth entrance.
  7339 | Lab      | Entered a labyrinth
  7451 | Lab      | Noticed a minotaur
  7462 | Lab      | Killed a minotaur
  7986 | D:13     | Found a hazy altar of Hepliaklqana.
  8024 | D:14     | Found Pekon's Book Boutique.
  8406 | D:12     | Found a staircase to the Orcish Mines.
  8418 | Orc:1    | Entered Level 1 of the Orcish Mines
  8608 | Orc:1    | Found Gofigeaf's Antique Armour Shop.
  8625 | Orc:1    | Bought a runed helmet for 217 gold pieces
  8791 | Orc:2    | Entered Level 2 of the Orcish Mines
  8815 | Orc:2    | Found Xowas's General Store.
  8816 | Orc:2    | Found a staircase to the Elven Halls.
  8832 | Orc:2    | Noticed Sonja
  8853 | Orc:2    | Killed Sonja
  8982 | Orc:2    | Noticed an orc warlord
  8993 | Orc:2    | Killed an orc warlord
  8996 | Orc:2    | Found Hamuw's Book Emporium.
  9096 | Orc:2    | Found Efymaa's Antique Weapon Shoppe.
  9122 | Orc:2    | Bought a brightly glowing hand axe for 224 gold pieces
  9122 | Orc:2    | Identified the +1 hand axe of Plague {venom, *Rage rC+ Dex+5 SInv} (You bought it in a shop on level 2 of the Orcish Mines)
  9159 | Orc:2    | Bought an ancient mace for 224 gold pieces
  9159 | Orc:2    | Identified the cursed +0 mace of the Extremes {crush, rF++ rN+ Int+2} (You bought it in a shop on level 2 of the Orcish Mines)
  9237 | Orc:2    | Reached skill level 10 in Spellcasting
  9240 | Orc:2    | Noticed Erolcha
  9249 | Orc:2    | Killed Erolcha
  9255 | Orc:2    | Reached XP level 14. HP: 99/109 MP: 7/28
  9276 | Orc:2    | Found Ythi Ryc's Antique Armour Emporium.
  9313 | Orc:2    | Found Erihuacs's Book Shoppe.
  9322 | Orc:2    | Bought a book of Callings for 390 gold pieces
  9326 | Orc:2    | Learned a level 3 spell: Summon Guardian Golem
 10222 | Lair:2   | Reached skill level 10 in Fighting
 10222 | Lair:2   | Reached skill level 10 in Polearms
 10222 | Lair:2   | Reached skill level 10 in Dodging
 10655 | Lair:3   | Found a staircase to the Snake Pit.
 10863 | Lair:5   | Found a viscous altar of Jiyva.
 10863 | Lair:5   | Found a staircase to the Slime Pits.
 11177 | Lair:6   | Entered Level 6 of the Lair of Beasts
 11300 | Lair:6   | Reached skill level 10 in Invocations
 11712 | Lair:6   | Noticed a dire elephant
 11712 | Lair:6   | Noticed a dire elephant
 11731 | Lair:6   | Killed a dire elephant
 11739 | Lair:6   | Killed a dire elephant
 11791 | Lair:6   | Noticed a dire elephant
 11803 | Lair:6   | Killed a dire elephant
 11846 | Lair:6   | Noticed a dire elephant
 11888 | Lair:6   | Killed a dire elephant
 11929 | Lair:6   | Noticed a dire elephant
 11931 | Lair:6   | Noticed a dire elephant
 11955 | Lair:6   | Killed a dire elephant
 11962 | Lair:6   | Killed a dire elephant
 11970 | Lair:6   | Reached XP level 15. HP: 83/117 MP: 6/29
 12127 | Lair:6   | Reached skill level 10 in Armour
 12494 | Snake:1  | Entered Level 1 of the Snake Pit
 13011 | Shoals:1 | Found Naurun's Gadget Shop.
 13150 | Shoals:2 | Reached skill level 10 in Charms
 13193 | Shoals:2 | Found a frozen archway.
 13204 | Shoals:2 | HP: 2/117 [faun/uncursed spear (11)]
 13207 | Shoals:2 | Reached skill level 10 in Short Blades
 13207 | Shoals:2 | Reached skill level 10 in Long Blades
 13207 | Shoals:2 | Reached skill level 10 in Axes
 13207 | Shoals:2 | Reached skill level 10 in Maces & Flails
 13207 | Shoals:2 | Reached skill level 10 in Staves
 13207 | Shoals:2 | Reached skill level 10 in Slings
 13207 | Shoals:2 | Reached skill level 10 in Bows
 13207 | Shoals:2 | Reached skill level 10 in Crossbows
 13207 | Shoals:2 | Reached skill level 10 in Throwing
 13207 | Shoals:2 | Reached skill level 10 in Stealth
 13207 | Shoals:2 | Reached skill level 10 in Shields
 13207 | Shoals:2 | Reached skill level 10 in Unarmed Combat
 13207 | Shoals:2 | Reached skill level 10 in Evocations
 13221 | IceCv    | Entered an ice cave
 13780 | Shoals:4 | Entered Level 4 of the Shoals
 13780 | Shoals:4 | Noticed Polyphemus
 13845 | Shoals:4 | Upgraded the game from 0.21-a0-394-gdc75ea7 to 0.21-a0-396-ga924934
 13898 | Shoals:3 | Reached XP level 16. HP: 93/125 MP: 19/31
 14208 | Shoals:4 | Killed Polyphemus
 14264 | Shoals:4 | Noticed Louise
 14277 | Shoals:4 | Noticed Ilsuiw
 14993 | Shoals:4 | Killed Louise
 15061 | Shoals:4 | Learned a level 5 spell: Summon Forest
 15084 | Shoals:4 | Identified the Collected Works on Supportive Evil
 15153 | Shoals:4 | Killed Ilsuiw
 15237 | Shoals:4 | Got a barnacled rune of Zot
 15580 | Lair:2   | Identified a scroll of acquirement
 15581 | Lair:2   | Got a pair of twisted boots
 15592 | Lair:2   | Identified the +0 pair of boots of the Game Afoot {rC- Regen+ MP+9 Int+6} (You acquired it on level 2 of the Lair of Beasts)
 15600 | Lair:2   | Bought the ring "Wameu" {Str+6 Int-3 Slay+2 SInv} for 587 gold pieces
 15600 | Lair:2   | Bought an uncursed amulet of magic regeneration for 480 gold pieces
 15630 | Lair:2   | Bought a pair of dazzling boots for 285 gold pieces
 15630 | Lair:2   | Bought an ichor-stained buckler for 285 gold pieces
 15640 | Lair:2   | Identified the +0 buckler of Fortitude {rF+ MR+ SInv} (You bought it in a shop on level 2 of the Lair of Beasts)
 15650 | Lair:2   | Identified the cursed +0 pair of boots "Earthly Heaven" {rF- rCorr Stlth+} (You bought it in a shop on level 2 of the Lair of Beasts)
 15675 | Lair:2   | Learned a level 5 spell: Irradiate
 15802 | Snake:2  | Reached XP level 17. HP: 93/133 MP: 17/33
 16096 | Snake:2  | Found the +6 arbalest "Damnation" {damnation}
 16465 | Snake:3  | Noticed Aizul
 16480 | Snake:3  | Killed Aizul
 16543 | Snake:4  | Entered Level 4 of the Snake Pit
 17038 | Snake:4  | Reached skill level 10 in Conjurations
 17038 | Snake:4  | Reached skill level 10 in Hexes
 17038 | Snake:4  | Reached skill level 10 in Summonings
 17038 | Snake:4  | Reached skill level 10 in Necromancy
 17038 | Snake:4  | Reached skill level 10 in Translocations
 17038 | Snake:4  | Reached skill level 10 in Transmutations
 17038 | Snake:4  | Reached skill level 10 in Fire Magic
 17038 | Snake:4  | Reached skill level 10 in Ice Magic
 17038 | Snake:4  | Reached skill level 10 in Air Magic
 17038 | Snake:4  | Reached skill level 10 in Earth Magic
 17038 | Snake:4  | Reached skill level 10 in Poison Magic
 17140 | Snake:4  | Got a serpentine rune of Zot
 17607 | D:8      | Bought 2 potions of brilliance for 112 gold pieces
 17607 | D:8      | Bought a potion of curing for 42 gold pieces
 17607 | D:8      | Bought a potion of resistance for 140 gold pieces
 17607 | D:8      | Bought a potion of curing for 42 gold pieces
 17607 | D:8      | Bought a potion of haste for 140 gold pieces
 17607 | D:8      | Bought a potion of curing for 42 gold pieces
 17607 | D:8      | Bought a potion of heal wounds for 70 gold pieces
 17772 | D:13     | Reached XP level 18. HP: 141/141 MP: 34/34
 17900 | D:14     | Bought the ring of the Mage {Wiz MR++ Int+3} for 930 gold pieces
 17900 | D:14     | Found the ring of the Mage {Wiz MR++ Int+3}
 17954 | D:15     | Entered Level 15 of the Dungeon
 18084 | D:14     | Found a gate to the Vaults.
 18106 | D:14     | Got a translucent war axe
 18107 | D:14     | Identified the +7 war axe "Woidukepn" {distort, rElec rF+ Int-3} (You found it on level 14 of the Dungeon)
 18121 | Vaults:1 | Entered Level 1 of the Vaults
 18700 | Vaults:2 | Identified the +9 shortbow of Welfare {venom, rElec Stlth+} (You found it on level 2 of the Vaults)
 18769 | Vaults:2 | Found Getoijy's Antique Weapon Emporium.
 18792 | Vaults:2 | Bought a scorched flail for 263 gold pieces
 18792 | Vaults:2 | Identified the +7 flail of Honesty {elec, rPois Str+2} (You bought it in a shop on level 2 of the Vaults)
 18872 | Vaults:2 | Found a staircase to the Crypt.
 18886 | Crypt:1  | Entered Level 1 of the Crypt
 19083 | Crypt:3  | Entered Level 3 of the Crypt
 19269 | Crypt:3  | Killed from afar by an ancient champion

Vault maps used:
D:1:      dpeg_arrival_boxes_within_box, hex_tiny
D:4:      minivault_11
D:5:      minmay_temple_entry_statues_fountains, first_bread
D:7:      lemuel_doored_altar, serial_shops, shop_coins, serial_park_tiny_pond,
          uniq_joseph
D:8:      serial_glass, glass_columns_b, glass_columns_a, serial_shops, shop,
          nicolae_shop_stone, nicolae_shop_window_shopping,
          nicolae_shop_waterfront, nicolae_shop_behind_doors,
          blue_anna_alchemist, kennysheep_another_room, minmay_holes,
          nicolae_ru_awakened_eye, uniq_pikel, uniq_prince_ribbit1, uniq_erica
D:9:      erik_lair_island
D:10:     serial_undead, serial_undead_e, serial_undead_c, serial_undead_c,
          serial_undead_c, dk_rats_in_the_wall
D:11:     grunt_tough_drop
D:12:     orc_0_dummy, uniq_nessos
D:13:     basic_altar, lab_entry_generic
D:14:     david_vaults_1, hangedman_abyss_or_decor_slice, serial_shops,
          shop_coins, st_stairs_4
D:15:     grunt_enter_depths_magical_seal, serial_shops, shop, shop, shop, shop,
          nicolae_shop_overgrown_old_shop, brannock_xom_greatest_gift
Temple:   grunt_wide_crystal_templ
Lair:1:   nicolae_lair_grove_arrangements, infiniplex_staircase_pool
Lair:2:   minmay_shoals_entry_beasts, serial_bayou_pond_e
Lair:3:   guppyfry_snake_entry_island, minmay_hedge_maze
Lair:4:   special_room, kennysheep_basilisk_garden, lemuel_fruit_fields
Lair:5:   slime_altar_1, st_stairs_6, zaba_anthole, lemuel_fruit_fields
Lair:6:   due_jungle_book, grunt_megastairs_2
Shoals:1: serial_shops, nicolae_shop_window_shopping, shop
Shoals:2: portal_ice_cave_entry_pillars_2, hangedman_shoals_cup_caves,
          uniq_jorgrun
Shoals:4: shoals_end_grunt_ice, shoal_ilsuiw, uniq_polyphemus, uniq_louise
Snake:2:  serial_shops, nicolae_shop_temple_entry_statues_fountains,
          serial_bayou_shore_a
Snake:3:  minmay_shop_grid_forest, uniq_aizul
Snake:4:  johnstein_snake_rune_scales, serial_bayou_pond_d, spider_trap
Orc:1:    serial_shops, nicolae_shop_window_shopping
Orc:2:    grunt_orc_gardens, grunt_orc_garden, grunt_orc_garden,
          grunt_orc_garden, grunt_orc_garden, serial_shops,
          nicolae_shop_statue_plus, uniq_erolcha, uniq_sonja
Vaults:1: vaults_room_grunt_arrival_ludios, vaults_dpeg_ring, st_spiral_rooms,
          grunt_vaults_twisty, nicolae_vaults_alarming, dpeg_vaults_monster_box,
          vaults_room_door_ring
Vaults:2: hangedman_vaults_corner_blocks, minmay_crypt_entry_simple_plaza,
          grunt_vaults_diagonal, hangedman_vaults_stream, v_rooms_4,
          nicolae_vaults_twisting_passages, grunt_vaults_funnel,
          nicolae_vaults_little_squares_4, nicolae_vaults_little_squares_5,
          ontoclasm_vaults_claustrophobia, nicolae_vaults_little_squares_3,
          grunt_vaults_hallway_short, grunt_vaults_hallway_short,
          ontoclasm_vaults_spin, basic_altar, serial_shops, shop, shop, shop,
          nicolae_shop_overgrown_old_shop
Crypt:1:  basic_loot_grate_trap, uniq_jory
Crypt:3:  lightli_unholy_cathedral, tomb_entry_sphere_bobbens
Lab:      labyrinth_hidden_loot, lab_fountain, nicolae_lab_grate,
          labyrinth_skeletal_remains, labyrinth_fake_exit, nicolae_lab_x
IceCv:    ice_cave_caverns_03

Skill      XL: |  1  2  3  4  5  6  7  8  9 10 11 12 13 14 15 16 17 18 |
---------------+-------------------------------------------------------+-----
Spellcasting   | 5 6 7 8 9 10 11 12 13 | 13.0
Short Blades   | 1 2 3 4 5 6 7 8 9 10 11 12 | 12.2
Long Blades    | 1 2 3 4 5 6 7 8 9 10 11 12 | 12.2
Axes           | 1 2 3 4 5 6 7 8 9 10 11 12 | 12.2
Maces & Flails | 1 2 3 4 5 6 7 8 9 10 11 12 | 12.2
Staves         | 1 2 3 4 5 6 7 8 9 10 11 12 | 12.2
Slings         | 1 2 3 4 5 6 7 8 9 10 11 12 | 12.2
Bows           | 1 2 3 4 5 6 7 8 9 10 11 12 | 12.2
Crossbows      | 1 2 3 4 5 6 7 8 9 10 11 12 | 12.2
Throwing       | 1 2 3 4 5 6 7 8 9 10 11 12 | 12.2
Stealth        | 1 2 3 4 5 6 7 8 9 10 11 12 | 12.2
Shields        | 1 2 3 4 5 6 7 8 9 10 11 12 | 12.2
Unarmed Combat | 1 2 3 4 5 6 7 8 9 10 11 12 | 12.2
Invocations    | 1 2 3 4 5 6 7 8 9 10 11 12 13 | 13.1
Evocations     | 1 2 3 4 5 6 7 8 9 10 11 12 | 12.2
Conjurations   | 1 2 3 4 5 6 7 8 9 10 | 10.4
Hexes          | 1 2 3 4 5 6 7 8 9 10 | 10.4
Summonings     | 1 2 3 4 5 6 7 8 9 10 | 10.4
Necromancy     | 1 2 3 4 5 6 7 8 9 10 | 10.4
Translocations | 1 2 3 4 5 6 7 8 9 10 | 10.4
Transmutations | 1 2 3 4 5 6 7 8 9 10 | 10.4
Fire Magic     | 1 2 3 4 5 6 7 8 9 10 | 10.4
Ice Magic      | 1 2 3 4 5 6 7 8 9 10 | 10.4
Air Magic      | 1 2 3 4 5 6 7 8 9 10 | 10.4
Earth Magic    | 1 2 3 4 5 6 7 8 9 10 | 10.4
Poison Magic   | 1 2 3 4 5 6 7 8 9 10 | 10.4
Armour         | 3 4 5 6 7 8 9 10 11 12 | 12.4
Fighting       | 5 6 7 8 9 10 11 12 | 12.9
Polearms       | 5 6 7 8 9 10 11 12 | 12.9
Dodging        | 5 6 7 8 9 10 11 12 | 12.9
Charms         | 6 7 8 9 10 11 | 11.6

Action                   |  1- 3 |  4- 6 |  7- 9 | 10-12 | 13-15 | 16-18 || total
-------------------------+-------+-------+-------+-------+-------+-------++-------
Melee: Spear             |    56 |       |       |       |       |       ||    56
       Trident           |       |    80 |    95 |       |       |       ||   175
       Bite              |       |     7 |    14 |    70 |   187 |   156 ||   434
       Demon whip        |       |       |    81 |   479 |  1078 |   606 ||  2244
       War axe           |       |       |       |       |       |   247 ||   247
Throw: Tomahawk          |       |       |       |       |     5 |     1 ||     6
       Javelin           |       |       |       |       |       |    24 ||    24
 Cast: Infusion          |    11 |    11 |    18 |    22 |    36 |    14 ||   112
       Regeneration      |     1 |     5 |    13 |    22 |    33 |    62 ||   136
       Spectral Weapon   |       |     4 |     8 |    15 |    32 |    28 ||    87
       Shroud of Golubri |       |     1 |     2 |     4 |    11 |    17 ||    35
       Mephitic Cloud    |       |       |       |     4 |    44 |    21 ||    69
       Song of Slaying   |       |       |       |     9 |     9 |     2 ||    20
       Blink             |       |       |       |       |     3 |     5 ||     8
       Summon Guardian G |       |       |       |       |     6 |    28 ||    34
       Control Undead    |       |       |       |       |     1 |       ||     1
       Summon Forest     |       |       |       |       |       |    15 ||    15
       Irradiate         |       |       |       |       |       |    13 ||    13
Invok: Potion Petition   |       |       |       |     1 |     1 |     2 ||     4
       Call Merchant     |       |       |       |       |       |     3 ||     3
Evoke: Wand              |       |       |       |     9 |    33 |    11 ||    53
       Phantom mirror    |       |       |       |       |       |     1 ||     1
  Use: Scroll            |       |       |     2 |    11 |    28 |    12 ||    53
       Potion            |       |       |     1 |       |     3 |     2 ||     6
 Stab: Sleeping          |     1 |       |     5 |     7 |    17 |     8 ||    38
       Distracted        |       |       |     1 |     2 |    11 |    22 ||    36
       Confused          |       |       |       |     4 |    22 |     9 ||    35
       Invisible         |       |       |       |       |       |     4 ||     4
  Eat: Chunk             |       |     1 |     2 |     3 |       |       ||     6
       Fruit             |       |     1 |     1 |    14 |    16 |    16 ||    48
       Royal jelly       |       |       |     3 |       |     3 |     5 ||    11
       Meat ration       |       |       |       |       |     1 |     1 ||     2
Armor: Leather armour    |     9 |    14 |    11 |    73 |   154 |    57 ||   318
Dodge: Dodged            |    20 |    40 |    97 |   290 |   339 |   262 ||  1048
Block: Buckler           |       |       |    13 |   130 |    15 |       ||   158
       Large shield      |       |       |       |       |   854 |  1000 ||  1854
       Reflection        |       |       |       |       |    87 |   130 ||   217

Table legend:
 A = Spawn XP
 B = Non-spawn XP
 C = Spawn XP percentage of total XP
 D = Spawn monster count
 E = Non-spawn monster count
 F = Spawn count percentage of total count
 G = Total turns spent on level
                    A         B        C        D         E        F      G
               +---------+---------+-------+---------+---------+-------+---------
         Total |       0 |  298698 |   0.0 |       0 |     934 |   0.0 | 19269
               +---------+---------+-------+---------+---------+-------+---------
           D:1 |       0 |      22 |   0.0 |       0 |      10 |   0.0 |   299
           D:2 |       0 |       9 |   0.0 |       0 |       6 |   0.0 |    80
           D:3 |       0 |      32 |   0.0 |       0 |       8 |   0.0 |   159
           D:4 |       0 |     359 |   0.0 |       0 |      14 |   0.0 |   457
           D:5 |       0 |     381 |   0.0 |       0 |      16 |   0.0 |   579
           D:6 |       0 |     663 |   0.0 |       0 |      14 |   0.0 |   706
           D:7 |       0 |    1000 |   0.0 |       0 |      15 |   0.0 |   503
           D:8 |       0 |    4307 |   0.0 |       0 |      32 |   0.0 |  1058
           D:9 |       0 |    4420 |   0.0 |       0 |      53 |   0.0 |  1114
          D:10 |       0 |    3178 |   0.0 |       0 |      35 |   0.0 |   929
          D:11 |       0 |   11053 |   0.0 |       0 |      46 |   0.0 |   880
          D:12 |       0 |    3959 |   0.0 |       0 |      24 |   0.0 |   528
          D:13 |       0 |    5240 |   0.0 |       0 |      31 |   0.0 |   636
          D:14 |       0 |    4633 |   0.0 |       0 |      10 |   0.0 |   330
          D:15 |       0 |     615 |   0.0 |       0 |       1 |   0.0 |    35
        Lair:1 |       0 |    4874 |   0.0 |       0 |      19 |   0.0 |   455
        Lair:2 |       0 |    3567 |   0.0 |       0 |      16 |   0.0 |   595
        Lair:3 |       0 |    3946 |   0.0 |       0 |      14 |   0.0 |   414
        Lair:4 |       0 |     496 |   0.0 |       0 |       2 |   0.0 |   197
        Lair:5 |       0 |    2611 |   0.0 |       0 |      16 |   0.0 |   484
        Lair:6 |       0 |   23310 |   0.0 |       0 |      48 |   0.0 |  1015
      Shoals:1 |       0 |    6627 |   0.0 |       0 |      18 |   0.0 |   361
      Shoals:2 |       0 |   14090 |   0.0 |       0 |      33 |   0.0 |   325
      Shoals:3 |       0 |   18418 |   0.0 |       0 |      37 |   0.0 |   847
      Shoals:4 |       0 |   40730 |   0.0 |       0 |      66 |   0.0 |  1093
       Snake:1 |       0 |    9655 |   0.0 |       0 |      20 |   0.0 |   583
       Snake:2 |       0 |   15993 |   0.0 |       0 |      29 |   0.0 |   506
       Snake:3 |       0 |    4087 |   0.0 |       0 |       7 |   0.0 |   285
       Snake:4 |       0 |   40714 |   0.0 |       0 |     100 |   0.0 |   745
         Orc:1 |       0 |    1550 |   0.0 |       0 |      19 |   0.0 |   574
         Orc:2 |       0 |   15566 |   0.0 |       0 |      69 |   0.0 |  1019
      Vaults:1 |       0 |   14993 |   0.0 |       0 |      36 |   0.0 |   324
      Vaults:2 |       0 |   21040 |   0.0 |       0 |      38 |   0.0 |   441
       Crypt:1 |       0 |    2759 |   0.0 |       0 |       5 |   0.0 |    72
       Crypt:2 |       0 |    2255 |   0.0 |       0 |       7 |   0.0 |   125
       Crypt:3 |       0 |    8078 |   0.0 |       0 |      11 |   0.0 |   186
           Lab |       0 |    3366 |   0.0 |       0 |       7 |   0.0 |   230
         IceCv |       0 |     102 |   0.0 |       0 |       2 |   0.0 |    37
               +---------+---------+-------+---------+---------+-------+---------
